 Dungeon Crawl Stone Soup version 0.19.0-2-gae57169 (webtiles) character file.

7016 Gingerlord the Blocker (level 10, 0/91 HPs)
             Began as a Minotaur Fighter on Nov 2, 2016.
             Was an Elder of Okawaru.
             Slain by a hill giant
             ... wielding a +0 giant club
              (27 damage)
             ... on level 10 of the Dungeon.
             The game lasted 00:23:06 (9327 turns).

Gingerlord the Blocker (Minotaur Fighter)           Turns: 9327, Time: 00:23:06

Health: 0/91       AC: 15    Str: 20    XL:     10   Next: 82%
Magic:  17/18      EV:  9    Int:  5    God:    Okawaru [****..]
Gold:   467        SH: 12    Dex: 14    Spells: 0 memorised, 9 levels left

rFire  . . .     SeeInvis .     a - +0 long sword
rCold  . . .     Gourm    .     e - +0 plate armour
rNeg   . . .     Faith    +     c - +0 shield
rPois  +         Spirit   .     (helmet restricted)
rElec  .         Reflect  .     s - +0 cloak
rCorr  .         Harm     .     (no gloves)
MR     .....                    (no boots)
Stlth  ..........               o - amulet of faith
                                H - ring of magical power
                                t - ring of poison resistance

@: no status effects
A: retaliatory headbutt, horns 2
a: Heroism, Renounce Religion


You were on level 10 of the Dungeon.
You worshipped Okawaru.
Okawaru was greatly pleased with you.
You were hungry.

You visited 2 branches of the dungeon, and saw 11 of its levels.

You collected 467 gold pieces.

Inventory:

Hand Weapons
 a - a +0 long sword (weapon)
Armour
 c - a +0 shield (worn)
 e - a +0 plate armour (worn)
 s - a +0 cloak (worn)
Jewellery
 m - an uncursed amulet of guardian spirit
 o - an amulet of faith (around neck)
 t - a ring of poison resistance (left hand)
 H - a ring of magical power (right hand)
Scrolls
 b - 2 scrolls of recharging
 k - 5 scrolls of remove curse
 l - 5 scrolls of teleportation
 n - 2 scrolls of fog
 p - 5 scrolls of identify
 q - 3 scrolls of magic mapping
 r - 3 scrolls of random uselessness {unknown}
 y - a scroll of torment {unknown}
 z - a scroll of noise {unknown}
 B - a scroll of summoning {unknown}
 C - 2 scrolls of blinking
 D - a scroll of enchant weapon {unknown}
 F - a scroll of vulnerability {unknown}
 G - a scroll of silence {unknown}
 I - a scroll of immolation {unknown}
Potions
 g - a potion of cancellation
 h - 4 potions of curing
 i - 3 potions of agility
 u - a potion of lignification {unknown}
 x - a potion of berserk rage {unknown}
 E - a potion of haste {unknown}
Comestibles
 f - 5 bread rations
 j - 2 slices of pizza
 v - 2 fruits
 w - 3 beef jerkies
 A - 3 meat rations


   Skills:
 + Level 9.4 Fighting
 + Level 9.3 Long Blades
 + Level 9.5 Armour
 + Level 8.3 Dodging
 + Level 9.8 Shields


You had 9 spell levels left.
You didn't know any spells.

Dungeon Overview and Level Annotations

Branches:
Dungeon (10/15)            Temple (1/1) D:7            Lair (0/6) D:10
    Orc (0/2) D:9

Altars:
Ashenzari
Cheibriados
Dithmenos
Elyvilon
Fedhas
Gozag
Hepliaklqana
Kikubaaqudgha
Makhleb
Nemelex Xobeh
Okawaru
Qazlal
Ru
Sif Muna
Trog
Uskayaw
Vehumet
Xom
Yredelemnul
Zin
The Shining One

Shops:
D:4 }


Innate Abilities, Weirdness & Mutations

You reflexively headbutt those who attack you in melee.
You have a pair of horns on your head.


Message History

Okawaru accepts your kill.
The hill giant hits you with a giant club!
You see here an iguana corpse.
You slash the hill giant!
You headbutt the hill giant, but do no damage.
The hill giant is moderately wounded.
The hill giant hits you with a giant club!!
You hit the hill giant.
The hill giant is moderately wounded.
You slash the hill giant!
You headbutt the hill giant, but do no damage.
The hill giant is heavily wounded.
You feel like a meek peon again.
The hill giant hits you with a giant club!!
* * * LOW HITPOINT WARNING * * *
Unknown command.
You feel much better.
The crimson imp shouts, "Remove thy stench, thou skyhacking toad-spotted flim-flammer!"
The hill giant hits you with a giant club!!
You die...

.....#
........................
#.C.##
........################ #.#.#
#######.# #...# #.# ###.# #.#
#.# #.# #.# #.# #.# #.# #.#
#@# #.###########C#
#........Z..>5################
#.............................
##################.###########
#.# #.# #.# #.#


You could see a hill giant and a crimson imp.

Vanquished Creatures
  An unseen horror (D:10)
  The ghost of witty the Zephyrmancer, a novice TeAE of Sif Muna (D:9)
  A hill giant (D:10)
  An elephant (D:10)
  The ghost of ddubois the Bolt Thrower, an amateur DDHu of Trog (D:4)
  Prince Ribbit (D:6)
  A hippogriff (D:4)
  3 vampire mosquitoes (D:9)
  Menkaure (D:7)
  Edmund (D:5)
  Duvessa (D:6)
  An orc warrior (D:9)
  A water moccasin (D:7)
  2 black bears
  An ice beast (D:5)
  A phantom (D:10)
  An eye of draining (D:9)
  2 ogres
  3 centaurs
  2 crocodiles
  4 bullfrogs
  A gnoll sergeant (D:7)
  A wyvern zombie (D:7)
  Dowan (D:6)
  3 scorpions
  9 killer bees
  5 howler monkeys
  2 vampire bats (D:5)
  A jelly (D:6)
  2 crimson imps
  A bullfrog zombie (D:7)
  2 centaur zombies
  7 hounds
  8 orc priests
  9 orc wizards
  A centaur skeleton (D:7)
  3 iguanas
  4 worker ants
  2 hound skeletons
  Robin (D:4)
  A howler monkey zombie (D:10)
  2 worker ant zombies
  4 gnolls (D:7)
  15 adders
  2 shadow imps
  An adder skeleton (D:9)
  An adder zombie (D:6)
  4 worms
  2 dart slugs
  A leopard gecko (D:4)
  49 orcs
  A ball python (D:3)
  14 bats
  4 giant cockroaches
  14 goblins
  7 hobgoblins
  4 jackals (D:8)
  7 kobolds
  3 quokkas
  6 frilled lizards
  10 rats
246 creatures vanquished.

Vanquished Creatures (others)
  An orc priest (D:6)
1 creature vanquished.

Grand Total: 247 creatures vanquished

Notes
Turn   | Place    | Note
-------+----------+-------------------------------------------
     0 | D:1      | Gingerlord the Minotaur Fighter began the quest for the Orb.
     0 | D:1      | Reached XP level 1. HP: 19/19 MP: 0/0
   249 | D:1      | Reached XP level 2. HP: 26/27 MP: 1/1
   336 | D:1      | Reached skill level 1 in Dodging
   756 | D:2      | Reached XP level 3. HP: 27/33 MP: 2/2
  1075 | D:2      | Reached XP level 4. HP: 40/40 MP: 3/3
  1781 | D:4      | Found a hide-covered altar of Uskayaw.
  1892 | D:4      | Noticed a hippogriff
  1899 | D:4      | Found Wiefes's Gadget Emporium.
  1909 | D:4      | Killed a hippogriff
  1909 | D:4      | Reached skill level 5 in Armour
  1909 | D:4      | Reached XP level 5. HP: 31/47 MP: 1/4
  1909 | D:4      | Reached XP level 6. HP: 36/55 MP: 1/5
  1933 | D:4      | Reached skill level 5 in Fighting
  1933 | D:4      | Reached skill level 5 in Shields
  2011 | D:4      | Noticed Robin
  2011 | D:4      | Noticed ddubois's ghost (amateur DDHu)
  2028 | D:4      | Killed Robin
  2066 | D:5      | Entered Level 5 of the Dungeon
  2398 | D:4      | Killed ddubois's ghost
  2398 | D:4      | Reached XP level 7. HP: 20/61 MP: 6/6
  2682 | D:4      | Found a shattered altar of Ashenzari.
  3104 | D:5      | Noticed Edmund
  3132 | D:5      | Killed Edmund
  3366 | D:5      | Reached skill level 5 in Long Blades
  3366 | D:5      | Reached XP level 8. HP: 56/70 MP: 5/7
  3524 | D:5      | Found a hazy altar of Hepliaklqana.
  3524 | D:5      | Found a radiant altar of Vehumet.
  3530 | D:5      | Found a burning altar of Makhleb.
  3532 | D:5      | Found a faded altar of an unknown god.
  3534 | D:5      | Found a snail-covered altar of Cheibriados.
  3886 | D:6      | Reached skill level 5 in Dodging
  4397 | D:6      | Noticed Duvessa
  4399 | D:6      | Noticed Dowan
  4419 | D:6      | Killed Duvessa
  4425 | D:6      | Killed Dowan
  4458 | D:6      | Found a stormy altar of Qazlal.
  4526 | D:6      | Noticed Prince Ribbit
  4547 | D:6      | Killed Prince Ribbit
  4755 | D:6      | Reached XP level 9. HP: 62/79 MP: 8/8
  5015 | D:7      | Noticed Menkaure
  5022 | D:7      | Killed Menkaure
  5161 | D:7      | Found a glowing silver altar of Zin.
  5598 | D:7      | Found a staircase to the Ecumenical Temple.
  5638 | Temple   | Entered the Ecumenical Temple
  5660 | Temple   | Became a worshipper of Warmaster Okawaru
  5907 | D:7      | Found a white marble altar of Elyvilon.
  6224 | D:8      | Reached * piety under Okawaru
  6356 | D:8      | Found a blossoming altar of Fedhas.
  6596 | D:8      | Found a deep blue altar of Sif Muna.
  7100 | D:9      | Reached ** piety under Okawaru
  7133 | D:9      | Reached XP level 10. HP: 77/88 MP: 9/9
  7308 | D:9      | Noticed witty's ghost (novice TeAE)
  7646 | D:9      | Found a staircase to the Orcish Mines.
  7675 | D:9      | Found a sacrificial altar of Ru.
  7712 | D:9      | Killed witty's ghost
  7712 | D:9      | Reached *** piety under Okawaru
  8309 | D:10     | Entered Level 10 of the Dungeon
  8541 | D:10     | Killed an unseen horror
  8861 | D:10     | Noticed a hill giant
  8878 | D:10     | Killed a hill giant
  8916 | D:10     | Reached **** piety under Okawaru
  9266 | D:10     | Noticed an elephant
  9266 | D:10     | Found a staircase to the Lair.
  9268 | D:10     | Noticed a hill giant
  9315 | D:10     | Killed an elephant
  9326 | D:10     | HP: 3/91 [hill giant/giant club (30)]
  9327 | D:10     | Slain by a hill giant

Skill      XL: |  1  2  3  4  5  6  7  8  9 10 |
---------------+-------------------------------+-----
Dodging        | 1 2 3 4 5 7 8 |  8.3
Shields        | 4 5 6 7 8 9 |  9.8
Armour         | 4 5 6 7 8 9 |  9.5
Fighting       | 4 5 6 7 8 9 |  9.4
Long Blades    | 3 4 5 6 8 9 |  9.3

Action                   |  1- 3 |  4- 6 |  7- 9 | 10-12 || total
-------------------------+-------+-------+-------+-------++-------
Melee: Long sword        |    88 |   132 |   483 |   221 ||   924
       Headbutt          |    10 |    29 |   102 |    58 ||   199
Invok: Heroism           |       |       |       |     1 ||     1
  Use: Potion            |       |     1 |     2 |     2 ||     5
       Scroll            |       |     2 |     8 |       ||    10
  Eat: Chunk             |       |     5 |    14 |     7 ||    26
       Royal jelly       |       |       |     1 |       ||     1
Armor: Scale mail        |    34 |       |       |       ||    34
       Chain mail        |       |    91 |    54 |       ||   145
       Plate armour      |       |       |   199 |   166 ||   365
Dodge: Dodged            |    37 |    46 |   137 |    80 ||   300
Block: Shield            |    40 |    97 |   292 |   179 ||   608
       Rpst.: Long sword |    10 |    14 |    32 |    19 ||    75
